 Dungeon Crawl Stone Soup version 0.22.0-40-g68aacdc (webtiles) character file.

2591 HEYYEYAAE the Spear-Bearer (level 9, -5/78 HPs)
             Began as a Demigod Gladiator on Sept 1, 2018.
             Slain by an ogre
             ... wielding a +0 giant club
              (24 damage)
             ... on level 7 of the Dungeon.
             The game lasted 00:09:22 (7759 turns).

HEYYEYAAE the Spear-Bearer (Demigod Gladiator)      Turns: 7759, Time: 00:09:22

Health: -5/78      AC: 14    Str: 23    XL:     9   Next: 11%
Magic:  11/11      EV:  9    Int: 12    God:
Gold:   450        SH:  0    Dex: 17    Spells: 8/8 levels left

rFire    . . .     SeeInvis .   y - +1 halberd
rCold    . . .     Gourm    .   (shield currently unavailable)
rNeg     . . .     Faith    .   l - +3 chain mail
rPois    .         Spirit   .   c - +0 helmet
rElec    .         Reflect  .   (no cloak)
rCorr    +         Harm     +   s - +0 pair of gloves
MR       +....                  g - +0 pair of boots
Stlth    ..........             m - amulet of harm
HPRegen  0.23/turn              v - ring of protection from magic
MPRegen  0.12/turn              j - ring of resist corrosion

@: no status effects
A: high mp 1
a: no special abilities


You were on level 7 of the Dungeon.
You were not hungry.

You visited 2 branches of the dungeon, and saw 8 of its levels.

You collected 450 gold pieces.

Inventory:

Hand Weapons
 a - a +0 halberd
 b - a +0 halberd
 y - a +1 halberd (weapon)
 A - a +0 halberd
Missiles
 d - 4 throwing nets (quivered)
Armour
 c - a +0 helmet (worn)
 g - a +0 pair of boots (worn)
 l - a +3 chain mail (worn)
 s - a +0 pair of gloves (worn)
Jewellery
 j - a ring of resist corrosion (right hand)
 m - an amulet of harm (around neck)
 v - a ring of protection from magic (left hand)
Wands
 x - a wand of random effects (32)
 C - a wand of clouds (3)
Scrolls
 e - 2 scrolls of immolation
 k - 7 scrolls of teleportation
 n - 3 scrolls of enchant armour
 o - a scroll of remove curse
 t - a scroll of fog
Potions
 h - a potion of resistance {unknown}
 i - a potion of haste
 p - 3 potions of heal wounds
 q - 2 potions of curing
 r - 2 potions of flight {unknown}
 u - a potion of lignification {unknown}
 w - 3 potions of degeneration {unknown}
 z - 2 potions of agility {unknown}
 B - a potion of cancellation {unknown}
 D - a potion of brilliance {unknown}
Comestibles
 f - 12 rations


   Skills:
 + Level 6.9 Fighting
 * Level 9.9 Polearms
 - Level 1.7 Throwing
 - Level 2.6 Dodging


You had 8 spell levels left.
You didn't know any spells.
Your spell library was empty.

Dungeon Overview and Level Annotations

Branches:
Dungeon (7/15)             Temple (1/1) D:6


Innate Abilities, Weirdness & Mutations

You have an increased reservoir of magic. (+10% MP)


Message History

You are too injured to fight recklessly!
You are too injured to fight recklessly!
You are too injured to fight recklessly!
You are too injured to fight recklessly!
You are too injured to fight recklessly!
You are too injured to fight recklessly!
You are too injured to fight recklessly!
You are too injured to fight recklessly!
You are too injured to fight recklessly!
You are too injured to fight recklessly!
You barely miss the ogre.
The ogre is heavily wounded.
The ogre barely misses you.
Attack whom?
Press: ? - help, Dir - move target cursor, f - ogre
Aim: an ogre, wielding a giant club (heavily wounded)
You barely miss the ogre.
The ogre is heavily wounded.
The ogre hits you with a giant club!!
You die...

#....# ####....#...
........#...###+#
........#........
........#.......########
........# ......#......#
........+ ....#......#
......O@######.)#......#
####+##......##)#......#
+.......).)†.....#
#................#
#................#
#................#
...#####..........#
....# ##+##....).# ....
...#......#


You could see an ogre.

Vanquished Creatures
  The ghost of Paps the Sneak, an amateur OpAs (D:3)
  2 sky beasts (D:5)
  An ice beast (D:5)
  3 ogres
  A centaur (D:5)
  3 bullfrogs
  A wyvern skeleton (D:7)
  2 howler monkeys
  A hound (D:5)
  6 orc priests
  6 gnoll shamans
  A jelly (D:6)
  11 orc wizards
  Jessica (D:2)
  2 iguanas
  4 worker ants
  35 gnolls
  13 adders
  4 shadow imps
  3 oozes
  An adder zombie (D:5)
  A worm (D:3)
  A dart slug (D:1)
  5 leopard geckos
  30 orcs
  A ball python (D:6)
  5 giant cockroaches
  6 goblins
  5 hobgoblins
  20 jackals
  8 kobolds
  A quokka (D:5)
  A ball python skeleton (D:5)
  3 bats (D:2)
  4 frilled lizards
  A leopard gecko skeleton (D:4)
  A leopard gecko zombie (D:5)
  6 rats
201 creatures vanquished.

Notes
Turn   | Place    | Note
-------+----------+-------------------------------------------
     0 | D:1      | HEYYEYAAE the Demigod Gladiator began the quest for the Orb.
     0 | D:1      | Reached XP level 1. HP: 17/17 MP: 3/3
    73 | D:1      | Reached skill level 3 in Polearms
    93 | D:1      | Reached XP level 2. HP: 22/24 MP: 4/4
   728 | D:2      | Noticed Jessica
   737 | D:2      | Killed Jessica
   737 | D:2      | Reached XP level 3. HP: 28/30 MP: 5/5
  1076 | D:2      | Reached skill level 4 in Polearms
  1111 | D:2      | Reached XP level 4. HP: 24/37 MP: 6/6
  1291 | D:2      | Found a bloodstained altar of Trog.
  1597 | D:2      | Noticed a bullfrog
  1600 | D:2      | Killed a bullfrog
  1600 | D:2      | Reached XP level 5. HP: 39/45 MP: 7/7
  1720 | D:3      | Reached skill level 5 in Polearms
  2050 | D:3      | Found a roughly hewn altar of Beogh.
  2525 | D:4      | Reached XP level 6. HP: 23/52 MP: 8/8
  2821 | D:4      | Reached skill level 6 in Polearms
  3463 | D:3      | Found a transporter.
  3718 | D:3      | Found a transporter.
  3718 | D:3      | Noticed Paps's ghost (amateur OpAs)
  3855 | D:3      | Reached XP level 7. HP: 54/60 MP: 9/9
  4420 | D:3      | Reached skill level 7 in Polearms
  4650 | D:3      | Reached skill level 5 in Fighting
  5266 | D:5      | Entered Level 5 of the Dungeon
  5299 | D:5      | Reached skill level 8 in Polearms
  5299 | D:5      | Reached XP level 8. HP: 69/69 MP: 10/10
  5464 | D:5      | Found a transporter.
  6044 | D:5      | Found a transporter.
  6792 | D:5      | Reached skill level 9 in Polearms
  6895 | D:6      | Found a staircase to the Ecumenical Temple.
  7189 | D:6      | Found a sparkling altar of Nemelex Xobeh.
  7409 | D:6      | Found a shimmering altar of Xom.
  7413 | D:6      | Found an iron altar of Okawaru.
  7416 | D:6      | Found a radiant altar of Vehumet.
  7601 | D:3      | Killed Paps's ghost
  7601 | D:3      | Reached XP level 9. HP: 75/78 MP: 11/11
  7684 | Temple   | Entered the Ecumenical Temple
  7759 | D:7      | Slain by an ogre

Skill      XL: |  1  2  3  4  5  6  7  8 |
---------------+-------------------------+-----
Fighting       | 2 3 4 5 6 |  6.9
Polearms       | 3 4 5 6 8 9 |  9.9
Throwing       | |  1.7
Dodging        | |  2.6

Action                   |  1- 3 |  4- 6 |  7- 9 || total
-------------------------+-------+-------+-------++-------
Melee: Trident           |    76 |   261 |    79 ||   416
       Halberd           |       |       |   346 ||   346
Evoke: Wand              |       |    11 |    15 ||    26
  Use: Potion            |       |     5 |       ||     5
       Scroll            |       |       |    10 ||    10
 Stab: Sleeping          |     1 |     3 |       ||     4
       Distracted        |       |       |     1 ||     1
  Eat: Chunk             |       |     9 |     8 ||    17
       Ration            |       |       |     2 ||     2
Armor: Leather armour    |    11 |    52 |       ||    63
       Chain mail        |       |    11 |   198 ||   209
Dodge: Dodged            |    59 |   144 |   183 ||   386
